Map: King's Cove LE

Players

PANDA

  • Race: Terran Terran
  • League: Grandmaster
  • Spawn Location: 11:00

Starlord - Winner!

  • Race: Zerg Zerg
  • League: Master
  • Spawn Location: 5:00

VOD

https://youtu.be/Zspa4sT6RW4

Description

Time

  • Played on: July 29, 2019, 5:50 p.m.
  • Length: 20:55
Show
View Real Time Build Order
Export as new Build Order

PANDA Terran 

Build Orders: Hellion Banshee, Mech 

Get SALT Encoding   

  12  0:00  SCV  
  13  0:12  SCV  
  14  0:17  Supply Depot  
  14  0:24  SCV  
  14  0:28  Refinery  
  15  0:39  SCV  
  16  0:45  Barracks  
  16  0:51  SCV  
  17  1:03  SCV  
  18  1:15  SCV  
  19  1:27  SCV  
  20  1:33  Reaper  
  21  1:41  Orbital Command  
  21  1:55  Command Center  
  21  2:05  Factory  
  21  2:08  Barracks Reactor  
  21  2:12  SCV  
  22  2:18  Refinery  
  22  2:25  SCV  
  22  2:28  Supply Depot  
  23  2:49  Factory Tech Lab, SCV, Marine x2  
  26  2:51  Starport  
  26  3:01  SCV  
  27  3:07  Orbital Command  
  27  3:14  SCV  
  30  3:20  Hellion x2  
  32  3:31  SCV  
  32  3:34  Supply Depot  
  33  3:37  Cloaking Field  
  33  3:41  Banshee  
  33  3:44  SCV  
  33  3:45  SCV  
  33  3:47  Barracks Tech Lab  
  38  3:54  Hellion  
  39  3:56  SCV  
  39  3:57  Hellion  
  39  3:59  SCV  
  43  4:08  SCV  
  44  4:16  Hellion  
  44  4:17  Armory  
  46  4:18  Hellion, SCV  
  46  4:20  SCV  
  50  4:30  SCV  
  51  4:33  Supply Depot  
  51  4:40  SCV  
  51  4:43  Hellion  
  54  4:50  Banshee  
  54  4:51  Hellion, SCV, Supply Depot  
  54  4:52  SCV  
  61  5:03  SCV  
  61  5:04  SCV  
  61  5:05  Terran Vehicle Weapons Level 1  
  63  5:15  SCV  
  63  5:16  SCV  
  69  5:27  SCV  
  69  5:28  SCV  
  61  5:33  Banshee  
  58  5:37  Bunker  
  58  5:38  Bunker  
  58  5:39  SCV  
  58  5:40  SCV  
  58  5:41  Supply Depot, Refinery, Marine x2  
  58  5:42  Refinery  
  62  5:45  Siege Tank  
  65  5:51  SCV  
  65  5:52  SCV  
  65  5:55  Bunker  
  67  6:02  Marine x2  
  67  6:03  SCV  
  70  6:04  SCV  
  71  6:14  Supply Depot, Command Center  
  71  6:15  SCV  
  71  6:16  SCV  
  73  6:22  Banshee, Marine x2  
  78  6:28  SCV x2  
  80  6:40  SCV  
  80  6:41  SCV  
  81  6:48  Command Center  
  81  6:52  SCV  
  81  6:53  SCV  
  81  6:56  Factory  
  81  6:57  Factory  
  81  6:58  Hyperflight Rotors  
  81  6:59  Factory  
  81  7:01  Factory  
  81  7:04  SCV  
  81  7:05  SCV  
  83  7:16  SCV  
  83  7:17  SCV  
  83  7:18  Orbital Command  
  85  7:24  Banshee  
  85  7:25  Mag-Field Accelerator  
  85  7:26  Cyclone  
  85  7:29  SCV  
  89  7:37  Command Center x2  
  89  7:41  SCV  
  88  7:53  SCV  
  89  8:02  Factory Reactor  
  89  8:04  SCV  
  91  8:05  SCV  
  91  8:06  Command Center  
  91  8:10  Banshee  
  94  8:13  Factory Tech Lab  
  94  8:21  Factory Tech Lab, SCV x2  
  94  8:22  Supply Depot x2  
  96  8:33  SCV x2  
  94  8:35  Cyclone x2  
  94  8:36  Hellion x2  
  99  8:45  SCV x2  
  101  8:48  Terran Vehicle And Ship Armor Level 1  
  101  8:57  SCV  
  101  9:01  Command Center  
  102  9:05  Banshee  
  102  9:06  Cyclone  
  102  9:09  SCV  
  109  9:11  SCV  
  110  9:21  Cyclone  
  114  9:24  Orbital Command  
  114  9:25  Cyclone  
  116  9:38  Orbital Command  
  113  9:39  Cyclone  
  116  9:51  SCV x2  
  115  10:03  SCV x2  
  117  10:08  Cyclone x2  
  117  10:09  Hellion x3  
  117  10:11  Refinery  
  129  10:15  SCV x2  
  130  10:22  Infernal Pre-Igniter  
  130  10:24  Smart Servos  
  130  10:27  SCV x2  
  131  10:29  Cyclone  
  131  10:33  Orbital Command  
  133  10:39  SCV  
  133  10:40  Cyclone x2  
  133  10:41  Hellion x2  
  144  10:47  Refinery  
  144  10:48  Refinery  
  144  10:52  SCV x2  
  144  10:53  Refinery  
  146  11:04  SCV x2  
  147  11:15  Command Center  
  147  11:16  SCV x2  
  146  11:21  Hellion x2  
  146  11:22  Hellion x2  
  151  11:34  SCV x2, Factory  
  151  11:35  Factory  
  151  11:36  Orbital Command  
  151  11:37  Factory  
  151  11:39  SCV  
  151  11:43  Siege Tank  
  151  11:44  Siege Tank x2  
  151  11:45  Hellion x3  
  151  11:46  Hellion  
  159  11:50  SCV  
  160  12:03  Command Center  
  160  12:04  Banshee  
  160  12:08  Fusion Core  
  163  12:09  Starport, Terran Vehicle Weapons Level 2  
  163  12:10  Starport  
  163  12:12  Armory  
  163  12:13  Barracks Reactor  
  163  12:27  Hellion x3, Siege Tank x3  
  178  12:33  Refinery  
  178  12:35  Refinery  
  178  12:40  Factory Tech Lab x3  
  178  12:43  Command Center  
  178  12:48  Engineering Bay  
  178  12:52  Starport Reactor  
  178  12:57  Liberator  
  178  13:00  Terran Vehicle And Ship Armor Level 2  
  178  13:05  Supply Depot  
  178  13:07  Supply Depot x2  
  178  13:09  Supply Depot  
  178  13:10  Supply Depot  
  178  13:12  Supply Depot  
  178  13:14  SCV, Cyclone x2  
  188  13:26  Hellion x3  
  183  13:35  Hellion, Siege Tank x2  
  183  13:36  Hellion x2  
  171  13:47  Hellion x3  
  171  13:48  Hellion x2  
  146  13:52  Liberator x2  
  143  13:57  Hellion, Siege Tank  
  143  13:58  SCV x3, Siege Tank  
  143  13:59  SCV x2  
  146  14:07  Siege Tank x2  
  146  14:08  Hellion, Siege Tank  
  146  14:09  Hellion x3  
  169  14:12  Orbital Command  
  169  14:13  Liberator x3  
  164  14:18  Hellion  
  162  14:29  Siege Tank x2  
  162  14:30  Hellion x2  
  178  14:32  Advanced Ballistics  
  178  14:38  Refinery  
  178  14:39  Cyclone x2  
  178  14:40  Cyclone  
  178  14:41  Refinery  
  188  14:45  SCV x2  
  188  14:46  SCV  
  188  14:50  SCV  
  188  14:51  Cyclone  
  195  14:57  SCV  
  195  14:58  SCV x2  
  197  15:01  Cyclone x2  
  197  15:02  SCV  
  195  15:16  Hellion x4  
  195  15:18  Hellion x2  
  195  15:20  Liberator x2  
  195  15:21  Liberator x3  
  199  15:25  Cyclone  
  174  15:46  Hellion x2, Siege Tank x2  
  184  15:54  SCV x3  
  184  15:55  SCV  
  188  16:00  Command Center x2  
  188  16:03  Liberator x2, Command Center  
  185  16:06  Hellion x4  
  184  16:12  Liberator  
  184  16:13  Liberator  
  184  16:16  Command Center  
  178  16:23  SCV x2  
  183  16:48  Cyclone  
  183  16:52  Cyclone x2  
  183  16:53  Cyclone  
  195  16:55  Cyclone, Liberator  
  195  16:56  Liberator  
  196  17:03  Command Center  
  196  17:05  Terran Vehicle And Ship Armor Level 3  
  196  17:06  Liberator  
  181  17:11  Cyclone  
  193  17:30  Refinery  
  193  17:33  Refinery  
  193  17:36  Siege Tank  
  193  17:37  Hellion, Siege Tank  
  189  17:47  Cyclone  
  189  17:48  Liberator  
  189  17:51  Cyclone x2  
  170  17:54  Cyclone  
  139  18:09  Hellion  
  122  18:23  Hellion  
  122  18:26  Hellion  
  105  18:27  Widow Mine  
  105  18:30  Hellion  
  105  18:33  Factory x2  
  98  18:36  Hellion, Factory  
  100  18:45  Hellion  
  100  18:48  Hellion x2, SCV x2, Command Center  
  106  18:52  Hellion  
  106  18:53  Command Center  
  102  18:58  Hellion  
  102  19:00  SCV  
  102  19:09  Hellion  
  108  19:10  Hellion  
  108  19:19  Hellion  
  108  19:22  Factory Tech Lab, Factory Reactor  
  94  19:24  SCV x2  
  94  19:25  Factory Tech Lab x3  
  95  19:35  Starport Reactor  
  95  19:36  SCV x2  
  97  19:42  Orbital Command  
  97  19:48  SCV x2  
  98  20:00  SCV x2  
  100  20:12  SCV x2  
  100  20:21  Cyclone  
  100  20:22  Cyclone x2  
  100  20:23  Factory Tech Lab x4  
  100  20:24  SCV  
Show
View Real Time Build Order
Export as new Build Order

Starlord Zerg - Winner!

Build Orders: Hatch First, Swarm Host, Roach Nydus 

Get SALT Encoding   

  12  0:05  Drone  
  13  0:15  Overlord  
  13  0:19  Drone  
  14  0:33  Drone x2  
  16  0:38  Drone  
  17  0:49  Drone  
  18  1:00  Hatchery  
  17  1:04  Drone  
  18  1:21  Drone, Spawning Pool  
  18  1:40  Drone  
  18  1:45  Extractor  
  18  1:49  Hatchery  
  18  1:53  Drone  
  18  1:54  Drone  
  19  2:01  Overlord  
  19  2:12  Queen  
  21  2:16  Zergling x2  
  21  2:20  Queen  
  24  2:25  Drone  
  24  2:28  Drone  
  26  2:35  Drone x2  
  28  2:42  Drone x2  
  30  2:53  Lair  
  30  2:56  Overlord  
  30  3:00  Drone  
  31  3:06  Queen  
  31  3:12  Drone x2  
  35  3:14  Drone  
  36  3:23  Drone  
  36  3:25  Extractor, Drone x3  
  39  3:33  Drone  
  39  3:34  Drone x2  
  42  3:37  Spine Crawler  
  40  3:59  Drone x3, Infestation Pit  
  40  4:02  Extractor  
  41  4:06  Overlord  
  41  4:08  Drone x2  
  41  4:09  Drone x3  
  46  4:12  Extractor  
  46  4:13  Overlord  
  45  4:19  Roach Warren  
  45  4:20  Queen  
  46  4:33  Queen  
  46  4:35  Overlord  
  46  4:36  Overlord  
  48  4:45  Drone x4  
  50  4:47  Nydus Network  
  49  4:59  Roach x5  
  59  5:04  Roach  
  55  5:34  Drone, Swarm Host x5  
  69  5:40  Overseer  
  69  5:47  Spore Crawler  
  69  5:49  Spore Crawler  
  67  5:54  Nydus Canal  
  67  6:07  Drone x3  
  67  6:09  Drone x5  
  75  6:13  Nydus Canal  
  75  6:19  Drone, Spore Crawler  
  75  6:23  Hatchery  
  75  6:24  Overlord x2  
  74  6:55  Drone  
  74  6:56  Overlord, Swarm Host x5  
  74  6:58  Evolution Chamber  
  74  6:59  Nydus Canal  
  89  7:11  Queen  
  89  7:12  Overlord x2  
  89  7:13  Queen, Glial Reconstitution  
  93  7:18  Swarm Host  
  96  7:44  Drone x3, Zerg Missile Weapons Level 1  
  96  7:45  Hydralisk Den  
  96  7:46  Spore Crawler  
  97  7:53  Nydus Canal, Spore Crawler  
  97  7:55  Spore Crawler  
  95  7:59  Spore Crawler  
  95  8:00  Drone x7  
  95  8:03  Hive  
  101  8:09  Nydus Canal  
  101  8:12  Overlord  
  101  8:13  Drone x3  
  104  8:21  Swarm Host  
  107  8:44  Grooved Spines  
  107  8:45  Extractor, Drone x7  
  107  8:46  Extractor, Drone  
  107  8:47  Drone x2  
  107  8:48  Drone x3  
  118  8:58  Zergling x2  
  119  9:03  Nydus Canal  
  119  9:16  Swarm Host x3  
  128  9:18  Overlord x2, Nydus Canal, Hatchery  
  126  9:37  Spore Crawler  
  126  9:38  Drone x3  
  128  9:41  Spore Crawler  
  128  9:42  Nydus Canal  
  127  9:49  Pneumatized Carapace  
  127  9:50  Viper x2  
  133  9:54  Nydus Canal  
  133  10:01  Zerg Missile Weapons Level 2  
  133  10:25  Nydus Canal  
  133  10:29  Overlord x2  
  133  10:30  Overlord x4  
  133  10:45  Drone x6  
  133  10:46  Extractor  
  133  10:48  Hydralisk x2  
  133  10:49  Spore Crawler  
  138  10:52  Viper x3  
  138  10:53  Extractor  
  138  10:54  Hydralisk  
  148  11:09  Hydralisk x4  
  152  11:20  Hydralisk x3  
  152  11:21  Hydralisk  
  152  11:22  Drone x2  
  161  11:29  Zergling x2  
  161  11:30  Overseer  
  161  11:31  Overseer  
  160  11:46  Hydralisk x6  
  164  11:50  Overlord x3  
  172  12:05  Nydus Canal  
  172  12:06  Extractor  
  172  12:07  Hatchery  
  170  12:11  Extractor  
  169  12:19  Overlord, Nydus Canal  
  169  12:20  Zerg Missile Weapons Level 3  
  169  12:30  Overlord x2  
  169  12:31  Overlord, Overseer x2  
  169  12:32  Nydus Canal  
  169  12:39  Hydralisk x9  
  187  12:49  Evolution Chamber  
  187  12:51  Spire, Queen x2  
  188  12:52  Overlord x2, Queen  
  188  12:55  Nydus Canal  
  191  13:09  Nydus Canal  
  191  13:30  Ravager  
  172  13:41  Hydralisk x5  
  172  13:42  Roach x2  
  172  13:43  Roach x8  
  180  13:56  Roach x7  
  188  14:04  Greater Spire  
  188  14:05  Zerg Melee Weapons Level 1  
  177  14:18  Hydralisk x10  
  197  14:26  Drone x3  
  197  14:28  Evolution Chamber x2  
  197  14:29  Evolution Chamber x2  
  196  14:34  Nydus Canal  
  194  14:49  Hydralisk x3  
  200  14:58  Zerg Ground Armor Level 1  
  200  15:00  Overseer x3  
  200  15:04  Nydus Canal  
  197  15:18  Nydus Canal  
  157  15:36  Hydralisk x2  
  157  15:37  Hydralisk x11  
  157  15:40  Nydus Canal  
  152  15:51  Hydralisk x3  
  152  15:52  Roach x8  
  174  16:06  Swarm Host x4  
  174  16:09  Drone x2  
  186  16:23  Nydus Canal  
  186  16:37  Nydus Canal  
  186  16:49  Hydralisk x3  
  186  16:50  Roach x4  
  186  16:51  Zerg Melee Weapons Level 2  
  200  17:11  Spore Crawler  
  200  17:14  Spore Crawler  
  198  17:21  Nydus Canal  
  198  17:32  Metabolic Boost  
  198  17:33  Zerg Ground Armor Level 2  
  198  17:34  Zerg Flyer Weapons Level 1  
  185  17:54  Nydus Canal  
  169  18:11  Nydus Canal  
  163  18:16  Hydralisk x6  
  163  18:17  Hydralisk x4  
  174  18:25  Muscular Augments  
  162  18:28  Nydus Canal  
  149  18:39  Drone x10  
  149  18:40  Drone x2  
  159  18:51  Adrenal Glands  
  159  18:53  Drone x3  
  160  19:12  Hatchery  
  159  19:17  Hydralisk x6  
  171  19:30  Nydus Canal  
  171  19:51  Nydus Canal  
  171  20:05  Nydus Canal  
  167  20:26  Hydralisk x7  
  167  20:27  Hydralisk x5  
Tags
 
Add a new tag
Caveats
  • Supply blocks, unpowered buildings, or Contaminate may cause inaccurate times.
  • Supply counts are checked every 10 seconds.